 Dungeon Crawl Stone Soup version 0.30-a0-393-g54b8e3be05 (webtiles) character file.

Game seed: 4438843303752339992

18 Sabo the Trooper (level 2, 24/24 HPs)
             Began as a Demonspawn Berserker on Dec 6, 2022.
             Was a Follower of Trog.
             Got out of the dungeon alive.
             The game lasted 00:04:15 (849 turns).

Sabo the Trooper (Demonspawn Berserker)              Turns: 849, Time: 00:04:15

Health: 24/24      AC:  5    Str: 17    XL:     2   Next: 48%
Magic:  2/2        EV: 11    Int:  8    God:    Trog [*.....]
Gold:   81         SH:  0    Dex: 12    Spells: 1/1 levels left

rFire   . . .      SeeInvis .    d - +2 dagger (speed)
rCold   . . .      Faith    .    (no shield)
rNeg    . . .      Spirit   .    b - +0 ring mail
rPois   .          Reflect  .    (no helmet)
rElec   .          Harm     .    (no cloak)
rCorr   .          Rampage  .    (no gloves)
Will    .....                    (no boots)
Stlth   +.........               (no amulet)
HPRegen 0.24/turn                (no ring)
MPRegen 0.08/turn                (no ring)

@: no status effects
A: weakness stinger 1
a: Renounce Religion, Berserk


You escaped.
You worshipped Trog.
Trog was aware of your devotion.
You visited 1 branch of the dungeon, and saw 1 of its levels.

You collected 81 gold pieces.

Inventory:

Hand Weapons
 a - a +0 hand axe
 d - a +2 dagger of speed (weapon)
 i - a +0 sling
Armour
 b - a +0 ring mail (worn)
Scrolls
 c - a scroll of vulnerability {unknown}
 e - a scroll of identify {unknown}
 f - a scroll of poison {unknown}
 g - a scroll of teleportation {unknown}
Potions
 h - a potion of curing {unknown}


   Skills:
 + Level 3.3 Fighting
 + Level 3.1 Axes
 + Level 1.9 Armour
 + Level 1.9 Dodging


You had one spell level left.
You didn't know any spells.
Your spell library was empty.

Dungeon Overview and Level Annotations

Branches:
Dungeon (1/15)

Altars:


Innate Abilities, Weirdness & Mutations

You have a small tail.


Message History

You hit the kobold.
You kill the kobold!
Trog accepts your kill.
Things that are here:
a +0 dagger; 4 stones; a kobold corpse
Found 5 gold pieces.
Found a bubbling emerald potion.
You now have 81 gold pieces (gained 5).
h - a bubbling emerald potion Really walk into that teleport trap?
You enter a teleport trap!
The teleport trap disappears.
Your surroundings suddenly seem different.
A giant cockroach comes into view.
The giant cockroach bites you but does no damage.
You hit the giant cockroach.
The giant cockroach is moderately wounded.
The giant cockroach waves its antennae.
The giant cockroach closely misses you.
You hit the giant cockroach.
The giant cockroach is heavily wounded.
The giant cockroach bites you but does no damage.
You hit the giant cockroach.
You kill the giant cockroach!
Trog accepts your kill.
A frilled lizard comes into view.
You see here a giant cockroach corpse.
You closely miss the frilled lizard.
The frilled lizard bites you but does no damage.
You miss the frilled lizard. You tail-slap the frilled lizard.
You kill the frilled lizard!
Trog accepts your kill.
There is a dry fountain here.
Found a sling.
You see here a +0 sling.
i - a +0 sling
There is a dry fountain here.
There is a staircase leading out of the dungeon here.
You can't go down here!
Are you sure you want to leave the Dungeon?
This will make you lose the game!
You have escaped!

.####......................######
###...##.####.####.####.##...##
#..###...##...##...##...###..#
#.## #.⌠.##.⌠.##.⌠.##.⌠.# ##.###
#.####...##...##...##...####.#..
#...###.####.####.####.###...###
#.⌠.###.####.####.####.###.⌠.#
#............................#
##.##..........@.........##.##
##............................###
.#.⌠.###.####.####.####.###.⌠.#..
.#...###.####.####.####.###...#..
.#†####...##...##...##...####.#..
##.## #.⌠.##.⌠.##.⌠.##.⌠.# ##.#..
.#..###...##...##...##...###..#..
.##...##.####.####.####.#....##..
.####......................####..


There were no monsters in sight!

Vanquished Creatures
  A ball python (D:1)
  2 giant cockroaches (D:1)
  A goblin (D:1)
  2 hobgoblins (D:1)
  A quokka (D:1)
  A bat (D:1)
  4 frilled lizards (D:1)
  3 kobolds (D:1)
  3 rats (D:1)
18 creatures vanquished.

Vanquished Creatures (others)
  An endoplasm (D:1)
  A bat (D:1)
2 creatures vanquished.

Grand Total: 20 creatures vanquished

Notes
Turn   | Place    | Note
-------+----------+-------------------------------------------
     0 | D:1      | Sabo the Demonspawn Berserker began the quest for the Orb.
     0 | D:1      | Reached XP level 1. HP: 18/18 MP: 1/1
   172 | D:1      | Gained mutation: You have a small tail. [demonic ancestry]
   172 | D:1      | Reached XP level 2. HP: 16/24 MP: 2/2
   849 | D:$      | Got out of the dungeon alive.

Illustrated notes

Levels and vault maps discovered:
D:1:      dpeg_arrival_chambers_temple_mockup, layout_rooms,
          hangedman_decor_peaks_small, lemuel_flame_loot_1

Skill      XL: |  1  2 |
---------------+-------+-----
Axes           | 3 |  3.1
Fighting       | |  3.3
Armour         | |  1.9
Dodging        | |  1.9

Action                   || total
-------------------------++-------
Melee: Hand axe          ||    41
       Dagger            ||    11
       Tailslap          ||     2
Invok: Berserk           ||     1
Armor: Animal skin       ||     7
       Ring mail         ||     3
Dodge: Dodged            ||    26

Table legend: (Time is in decaauts)
 A = Elapsed time spent in this place.
 B = Non-inter-level travel time spent in this place.
 C = Inter-level travel time spent in this place.
 D = Time resting spent in this place.
 E = Time spent auto-exploring this place.
 F = Levels seen in this place.
 G = Mean time per level.
                   A        B        C        D        E       F      G
               +--------+--------+--------+--------+--------+-----+--------+
         Total |    863 |    863 |      0 |    104 |      0 |   1 |  863.0 |
       Dungeon |    863 |    863 |      0 |    104 |      0 |   1 |  863.0 |
               +--------+--------+--------+--------+--------+-----+--------+

Top non-repeatable levels by time:
     D:1: 863 daAuts
